 Dungeon Crawl Stone Soup version 0.17-a0-1093-g0b3cd89 (webtiles) character file.

522 Lugonue the Insei (level 6, -1/48 HPs)
             Began as a Demigod Transmuter on May 20, 2015.
             Slain by an iguana (13 damage)
             ... on level 4 of the Dungeon.
             The game lasted 00:16:31 (5253 turns).

Lugonue the Insei (Demigod Transmuter)              Turns: 5253, Time: 00:16:31

Health: -1/48      AC:  4    Str: 18    XL:     6   Next: 70%
Magic:  9/12       EV: 14    Int: 19    God:
Gold:   142        SH:  0    Dex: 18    Spells: 3 memorised, 4 levels left

rFire  . . .     SeeInvis .     a - +0 quarterstaff
rCold  . . .     Clarity  .     v - +2 robe {MR+}
rNeg   . . .     SustAb   +     (no shield)
rPois  .         Gourm    .     (no helmet)
rElec  .         Spirit   .     (no cloak)
rCorr  .         Warding  .     (no gloves)
rMut   .         Stasis   .     (boots currently unavailable)
MR     +....                    (no amulet)
Stlth  ++........               (no ring)
                                d - +5 ring of strength

@: lethally poisoned (-1 -> -3), appendage, very slightly contaminated, somewhat
resistant to hostile enchantments, unstealthy
A: talons 3, high mp 1, sustain abilities
a: End Transformation


You were on level 4 of the Dungeon.
You were not hungry.
You had grown temporary talons.
You visited 1 branch of the dungeon, and saw 4 of its levels.

You collected 142 gold pieces.

Inventory:

Hand weapons
 a - a +0 quarterstaff (weapon)
Missiles
 b - 16 arrows
Armour
 v - a +2 robe of magic resistance (worn)
Jewellery
 d - a +5 ring of strength (left hand)
Magical devices
 h - a wand of flame (30)
Scrolls
 e - a scroll of remove curse
 f - a scroll of amnesia {unknown}
 g - a scroll of immolation {unknown}
 i - a scroll of magic mapping {unknown}
 j - 5 scrolls of identify {unknown}
 l - a scroll of enchant armour {unknown}
 n - a scroll of random uselessness {unknown}
 t - a scroll of fog {unknown}
Potions
 q - a potion of lignification {unknown}
 r - a potion of cancellation {unknown}
Books
 c - a book of Changes

   Spells                             Type                      Level
   a - Beastly Appendage              Transmutation                1
   b - Sticks to Snakes               Transmutation                2
   c - Spider Form                    Transmutation/Poison         3
   d - Ice Form                       Ice/Transmutation            4
   e - Blade Hands                    Transmutation                5
 k - a book of Summonings

   Spells                             Type                      Level
   a - Recall                         Summoning/Translocation      3
   b - Aura of Abjuration             Summoning                    5
   c - Shadow Creatures               Summoning                    5
   d - Summon Demon                   Summoning                    5
   e - Summon Forest                  Summoning/Translocation      5
   f - Summon Mana Viper              Hexes/Summoning              5
 o - a Fen Folio

   Spells                             Type                      Level
   a - Corpse Rot                     Necromancy                   2
   b - Stone Arrow                    Conjuration/Earth            3
   c - Leda's Liquefaction            Hexes/Earth                  4
   d - Summon Forest                  Summoning/Translocation      5
   e - Hydra Form                     Transmutation                6
   f - Summon Hydra                   Summoning                    7
Comestibles
 m - 2 bread rations
 p - a meat ration


   Skills:
 + Level 1.8 Fighting
 - Level 1.2 Staves
 + Level 0.6 Armour
 * Level 3.8 Dodging
 + Level 0.4 Stealth
 * Level 4.0 Unarmed Combat
 + Level 2.5 Spellcasting
 * Level 3.6 Transmutations
 + Level 0.5 Poison Magic


You had 4 spell levels left.
You knew the following spells:

 Your Spells              Type           Power        Failure   Level  Hunger
a - Beastly Appendage     Trmt           ###...       4%          1    #......
b - Sticks to Snakes      Trmt           ###.......   8%          2    ##.....
c - Spider Form           Trmt/Pois      ##........   21%         3    ###....


Dungeon Overview and Level Annotations

Branches:
Dungeon (4/15)
 Temple: D:4-7


Innate Abilities, Weirdness & Mutations

You have an increased reservoir of magic (+10% MP).
Your attributes are resistant to harm.
You have claws for feet.


Message History

You hit the iguana but do no damage. You claw the iguana, but do no damage.
The iguana misses you. The iguana closely misses you.
You closely miss the iguana. You claw the iguana, but do no damage.
You feel sick. The iguana bites you.
You barely miss the iguana. The iguana bites you.
You hit the iguana. Your kick misses the iguana.
The iguana is lightly wounded.
You feel sick. The iguana bites you.
You closely miss the iguana. You claw the iguana, but do no damage.
The iguana is lightly wounded.
The iguana barely misses you.
You hit the iguana. You claw the iguana, but do no damage.
The iguana is moderately wounded.
The iguana bites you!
* * * LOW HITPOINT WARNING * * *
The iguana closely misses you.
Casting: Beastly Appendage
Confirm with . or Enter, or press ? or * to list all spells.
You miscast Spider Form.
You feel faint for a moment. The iguana bites you!
You die...

###### #....# # #....#
#. #....#
##.###########....####.
.............l.........
#.....#######@...#
#..#.......##....#
#.#(..(...)#....#
#..........##.####.#
##.#+#.###.........#
#.#.#.# ####.######
#.#.#.. .... #.#.#...
..### #...#.... .....


You could see an iguana.

Vanquished Creatures
  Sigmund (D:3)
  2 orc priests (D:4)
  A centaur skeleton (D:4)
  A giant frog skeleton (D:4)
  An orc wizard (D:4)
  A worker ant (D:4)
  8 adders
  3 oozes
  An adder skeleton (D:4)
  4 giant geckos
  6 orcs (D:4)
  3 giant cockroaches
  16 goblins
  8 hobgoblins
  A jackal (D:1)
  10 kobolds
  2 quokkas
  A ball python (D:2)
  6 bats
  5 giant newts
  9 rats
90 creatures vanquished.

Vanquished Creatures (collateral kills)
  2 orc wizards (D:4)
  2 adders (D:2)
  A giant gecko (D:1)
  An orc (D:4)
  A bat (D:1)
  2 hobgoblins (D:1)
  5 jackals (D:1)
  A kobold (D:1)
  A quokka (D:2)
  A rat (D:2)
17 creatures vanquished.

Grand Total: 107 creatures vanquished

Notes
Turn   | Place    | Note
--------------------------------------------------------------
     0 | D:1      | Lugonue the Demigod Transmuter began the quest for the Orb.
     0 | D:1      | Reached XP level 1. HP: 15/15 MP: 5/5
    85 | D:1      | Reached skill level 3 in Unarmed Combat
   240 | D:1      | Reached XP level 2. HP: 2/22 MP: 5/7
   244 | D:1      | Learned a level 2 spell: Sticks to Snakes
   806 | D:1      | Reached skill level 1 in Fighting
  1575 | D:2      | Reached XP level 3. HP: 19/28 MP: 4/8
  2542 | D:2      | Reached XP level 4. HP: 35/35 MP: 9/9
  2548 | D:2      | Learned a level 3 spell: Spider Form
  2705 | D:2      | Found a glowing golden altar of the Shining One.
  2706 | D:2      | Found a sparkling altar of Nemelex Xobeh.
  3286 | D:3      | Noticed Sigmund
  3305 | D:3      | Killed Sigmund
  3305 | D:3      | Reached XP level 5. HP: 16/40 MP: 1/11
  4224 | D:4      | Reached XP level 6. HP: 25/47 MP: 12/12
  4391 | D:4      | Reached skill level 4 in Unarmed Combat
  4460 | D:4      | Reached skill level 1 in Staves
  5253 | D:4      | Slain by an iguana

Vault maps used:
D:1:      ncdulo_halloftheorcs
D:2:      gammafunk_temple_overflow_pools
D:3:      mumra_celtic_spiral_tile, nicolae_overflow_hidden_temple, first_bread,
          uniq_sigmund

Action                   |  1- 3 |  4- 6 || total
-------------------------+-------+-------++-------
Melee: Unarmed           |   153 |    34 ||   187
       Quarterstaff      |       |    98 ||    98
 Cast: Beastly Appendage |    21 |    17 ||    38
       Sticks to Snakes  |    11 |     9 ||    20
       Spider Form       |       |     5 ||     5
 Abil: End Transformatio |       |     1 ||     1
  Use: Potion            |     1 |     3 ||     4
       Scroll            |     1 |     1 ||     2
 Stab: Sleeping          |     2 |       ||     2
  Eat: Bread ration      |     1 |       ||     1
       Chunk             |     2 |     8 ||    10
       Beef jerky        |       |     1 ||     1
